 Dungeon Crawl Stone Soup version 0.22-a0-521-gb1378044ac (webtiles) character file.

67 Kaname the Conjurer (level 4, 30/30 HPs)
             Began as a Demonspawn Wizard on June 20, 2018.
             Quit the game on level 2 of the Dungeon.
             The game lasted 00:03:09 (1678 turns).

Kaname the Conjurer (Demonspawn Wizard)             Turns: 1678, Time: 00:03:09

Health: 30/30      AC:  4    Str:  7    XL:     4   Next: 0%
Magic:  5/8        EV: 12    Int: 20    God:
Gold:   67         SH:  0    Dex: 12    Spells: 3/9 levels left

rFire    . . .     SeeInvis .   f - +2 whip (freeze)
rCold    . . .     Gourm    .   (no shield)
rNeg     . . .     Faith    .   a - +0 robe
rPois    .         Spirit   .   b - +0 hat
rElec    .         Reflect  .   (no cloak)
rCorr    .         Harm     .   (no gloves)
MR       .....                  (no boots)
Stlth    ++........             (no amulet)
HPRegen  0.10/turn              (no ring)
MPRegen  0.11/turn              (no ring)

@: no status effects
A: molten scales 1, demonic guardian 1
a: no special abilities


You were on level 2 of the Dungeon.
You were not hungry.

You visited 1 branch of the dungeon, and saw 2 of its levels.

You collected 67 gold pieces.

Inventory:

Hand Weapons
 f - a +2 whip of freezing (weapon)
Missiles
 g - 7 javelins (quivered)
Armour
 a - a +0 robe (worn)
 b - a +0 hat (worn)
Scrolls
 c - a scroll of noise {unknown}
 h - 2 scrolls of remove curse {unknown}
 j - a scroll of teleportation {unknown}
 k - a scroll of random uselessness {unknown}
 m - a scroll of amnesia {unknown}
Potions
 e - a potion of haste {unknown}
 i - a potion of mutation {unknown}
 l - a potion of brilliance {unknown}
 n - a potion of berserk rage {unknown}
Comestibles
 d - 6 rations


   Skills:
 - Level 1.7 Dodging
 - Level 1.7 Stealth
 - Level 3.0 Spellcasting
 + Level 3.9 Conjurations
   Level 1.0 Summonings
 - Level 0.8 Translocations


You had 3 spell levels left.
You knew the following spells:

 Your Spells              Type           Power        Failure   Level  Hunger
a - Magic Dart            Conj           ###.         2%          1    None
b - Blink                 Tloc           N/A          16%         2    ##.....
c - Mephitic Cloud        Conj/Pois/Air  #.......     26%         3    ###....

Your spell library contained the following spells:

 Spells                   Type           Power        Failure   Level  Hunger
 Conjure Flame            Conj/Fire      ##......     19%         3    ###....
 Slow                     Hex            #.......     22%         2    ##.....
 Call Imp                 Summ           #.......     14%         2    ##.....


Dungeon Overview and Level Annotations

Branches:
Dungeon (2/15)

Altars:
Trog


Innate Abilities, Weirdness & Mutations

You are partially covered in molten scales. (AC +2)
A weak demonic guardian rushes to your aid.


Message History

A hobgoblin is nearby!
A hobgoblin is nearby!
Casting: Magic Dart (safe; 2% risk of failure)
Confirm with . or Enter, or press ? or * to list all spells.
Aiming: Magic Dart (safe; 2% risk of failure)
Press: ? - help, Shift-Dir - straight line, f - hobgoblin
Aim: a hobgoblin, wielding a club The magic dart hits the hobgoblin.
The hobgoblin is severely wounded.
Casting: Magic Dart (safe; 2% risk of failure)
Confirm with . or Enter, or press ? or * to list all spells.
Aiming: Magic Dart (safe; 2% risk of failure)
Press: ? - help, Shift-Dir - straight line, f/p - hobgoblin
Aim: a hobgoblin, wielding a club (severely wounded)
The magic dart hits the hobgoblin.
You kill the hobgoblin!
You have reached level 4!
You feel agile.
Your demonic ancestry asserts itself...
Molten scales grow over part of your body.
Are you sure you want to abandon this character and quit the game? (Confirm with "yes".)

##### ### #...######
##.## #.#......#
♣♣.######...###...####.#
..)....@.......[.## #.#
♣♣.######...###### #.#
.## ##.## #.# ..# #.#
#.. #.# #.# #.# ##. ..
#.# ##'## #. #. #.#
##...## #. # #.###.#
##.....## #####.
#.###..##.###.......##
#.....


There were no monsters in sight!

Vanquished Creatures
  2 adders (D:2)
  An ooze (D:1)
  A worm (D:2)
  A dart slug (D:1)
  An orc (D:2)
  3 giant cockroaches
  5 goblins
  4 hobgoblins
  2 jackals (D:1)
  2 ball pythons
  6 bats
  5 frilled lizards
  6 kobolds
  2 rats (D:1)
41 creatures vanquished.

Notes
Turn   | Place    | Note
-------+----------+-------------------------------------------
     0 | D:1      | Kaname the Demonspawn Wizard began the quest for the Orb.
     0 | D:1      | Reached XP level 1. HP: 13/13 MP: 4/4
     4 | D:1      | Noticed an electric eel
     7 | D:1      | Noticed an electric eel
   302 | D:1      | Gained mutation: A weak demonic guardian rushes to your aid. [demonic ancestry]
   302 | D:1      | Reached XP level 2. HP: 19/19 MP: 3/6
   926 | D:1      | Reached XP level 3. HP: 17/24 MP: 7/7
  1210 | D:2      | Found a bloodstained altar of Trog.
  1465 | D:2      | Learned a level 2 spell: Blink
  1469 | D:2      | Learned a level 3 spell: Mephitic Cloud
  1677 | D:2      | Gained mutation: You are partially covered in molten scales. (AC +2) [demonic ancestry]
  1677 | D:2      | Reached XP level 4. HP: 30/30 MP: 5/8
  1678 | D:2      | Quit the game

Vault maps used:
D:1:      arrival_aquarium_b
D:2:      serial_forest, infiniplex_forest_lined_2,
          infiniplex_forest_straight_3, infiniplex_forest_clump_curved,
          infiniplex_forest_straight_2, first_ration, trog_butcher_becter

Skill      XL: |  1  2 |
---------------+-------+-----
Conjurations   | 2 3 |  3.9
Dodging        | |  1.7
Stealth        | |  1.7
Spellcasting   | |  3.0
Summonings     | |  1.0
Translocations | |  0.8

Action                   |  1- 3 |  4- 6 || total
-------------------------+-------+-------++-------
Melee: Whip              |    69 |       ||    69
 Cast: Magic Dart        |    68 |     1 ||    69
 Stab: Sleeping          |     3 |       ||     3
  Eat: Chunk             |     2 |       ||     2
Armor: Robe              |    16 |       ||    16
Dodge: Dodged            |    54 |       ||    54

Table legend:
 A = Spawn XP
 B = Non-spawn XP
 C = Spawn XP percentage of total XP
 D = Spawn monster count
 E = Non-spawn monster count
 F = Spawn count percentage of total count
 G = Total turns spent on level
                    A         B        C        D         E        F      G
               +---------+---------+-------+---------+---------+-------+---------
         Total |       0 |      97 |   0.0 |       0 |      41 |   0.0 |  1678
               +---------+---------+-------+---------+---------+-------+---------
           D:1 |       0 |      43 |   0.0 |       0 |      24 |   0.0 |  1018
           D:2 |       0 |      54 |   0.0 |       0 |      17 |   0.0 |   660
               +---------+---------+-------+---------+---------+-------+---------
